 Dungeon Crawl Stone Soup version 0.23.1 (webtiles) character file.

Game seed: 0

21400 misha the Bludgeoner (level 12, -7/113 HPs)
             Began as a Minotaur Fighter on Mar 10, 2019.
             Was a High Priest of Trog.
             Mangled by a yak (12 damage)
             ... on level 13 of the Dungeon on Mar 16, 2019.
             The game lasted 01:07:37 (18478 turns).

misha the Bludgeoner (Minotaur Fighter)            Turns: 18478, Time: 01:07:38

Health: -7/113     AC: 11    Str: 27    XL:     12   Next: 53%
Magic:  0/11       EV:  9    Int:  7    God:    Trog [*****.]
Gold:   854        SH: 14    Dex:  9    Spells: 11/11 levels left

rFire    . . .     SeeInvis .   O - +2 mace (holy)
rCold    . . .     Gourm    .   c - +1 shield
rNeg     . . .     Faith    .   X - +2 scale mail {rPois}
rPois    +         Spirit   +   (helmet restricted)
rElec    .         Reflect  .   o - scarf {Spirit}
rCorr    .         Harm     .   P - +0 pair of gloves
MR       .....                  k - +0 pair of boots
Stlth    ..........             J - amulet of guardian spirit
HPRegen  0.28/turn              y - ring of poison resistance
MPRegen  0.12/turn              A - +2 ring of intelligence

@: about to teleport, berserk cooldown, very slightly contaminated, slowed,
invisible, very slow
A: retaliatory headbutt, horns 2
a: Berserk, Trog's Hand, Brothers in Arms, Renounce Religion


You were on level 13 of the Dungeon.
You worshipped Trog.
Trog was extremely pleased with you.
You were not hungry.

You visited 2 branches of the dungeon, and saw 14 of its levels.

You collected 886 gold pieces.
You spent 32 gold pieces at shops.

Inventory:

Hand Weapons
 H - a +0 whip of freezing
 O - a +2 mace of holy wrath (weapon)
Missiles
 t - 52 poisoned needles
 z - 5 tomahawks of dispersal
 F - 252 arrows
 Y - 6 javelins (quivered)
Armour
 c - a +1 shield (worn)
 k - a +0 pair of boots (worn)
 l - a +0 cloak
 m - a +0 chain mail
 o - a scarf of spirit shield (worn)
 B - the +0 leather armour of Diesh {rC+ rN+ Int+3}
   (You found it on level 5 of the Dungeon)

   It affects your intelligence (+3).
   It protects you from cold.
   It protects you from negative energy.
 E - a +0 cloak
 K - the +3 hat of Pondering {ponderous, MR+ MP+10 Int+5}
   (You took it off Gastronok on level 11 of the Dungeon)

   It affects your intelligence (+5).
   It affects your resistance to hostile enchantments.
   It affects your magic capacity (+10).
 P - a +0 pair of gloves (worn)
 X - a +2 scale mail of poison resistance (worn)
Jewellery
 h - an uncursed amulet of the gourmand
 y - a ring of poison resistance (left hand)
 A - a +2 ring of intelligence (right hand)
 J - an amulet of guardian spirit (around neck)
Wands
 b - a wand of disintegration (8)
 g - a wand of paralysis (7)
 n - a wand of polymorph (13)
 w - a wand of acid (12)
 x - a wand of random effects (7)
 D - a wand of clouds (7)
 U - a wand of flame (7)
Scrolls
 a - a scroll of vulnerability {unknown}
 j - 9 scrolls of remove curse
 p - a scroll of enchant weapon
 s - 3 scrolls of enchant armour
 u - 3 scrolls of fog
 I - 2 scrolls of noise
 R - a scroll of holy word {unknown}
 S - a scroll of magic mapping
 V - a scroll of summoning {unknown}
 W - a scroll of identify
 Z - a scroll of random uselessness {unknown}
Potions
 d - a potion of might
 e - a potion of ambrosia
 q - a potion of invisibility
 r - 4 potions of brilliance
 C - 4 potions of degeneration
 L - a potion of experience
 M - 3 potions of berserk rage
 T - a potion of haste
Miscellaneous
 N - a phial of floods
 Q - a phantom mirror
Comestibles
 f - 23 rations


   Skills:
 + Level 12.8 Fighting
 * Level 16.7 Maces & Flails
 - Level 4.0 Armour
 + Level 12.9 Shields


You had 11 spell levels left.
You didn't know any spells.
Your spell library contained the following spells:

 Spells                   Type           Power        Failure   Level  Hunger
 Animate Skeleton         Necr           N/A          78%         1    ##.....
 Apportation              Tloc           #.....       78%         1    ##.....
 Confusing Touch          Hex            #.....       78%         1    ##.....
 Magic Dart               Conj           #...         78%         1    ##.....
 Summon Small Mammal      Summ           #...         78%         1    ##.....
 Searing Ray              Conj           #.....       89%         2    ###....
 Dazzling Spray           Conj/Hex       #.....       98%         3    ####...
 Force Lance              Conj/Tloc      #.......     100%        4    #####..
 Fulminant Prism          Conj/Hex       #.........   100%        4    #####..
 Iskenderun's Mystic Bla  Conj           #.......     100%        4    #####..


Dungeon Overview and Level Annotations

Branches:
Dungeon (13/15)            Temple (1/1) D:6            Lair (0/6) D:8
    Orc (0/2) D:11
 Vaults: D:13-14

Altars:
Ashenzari
Cheibriados
Dithmenos
Elyvilon
Fedhas
Gozag
Hepliaklqana
Kikubaaqudgha
Makhleb
Nemelex Xobeh
Okawaru
Qazlal
Ru
Sif Muna
Trog
Uskayaw
Vehumet
Wu Jian
Xom
Yredelemnul
Zin
The Shining One
Beogh

Shops:
D:10 %   D:13 ?

Annotations:
D:5 1 runed translucent door, Karim's ghost, novice NaFi


Innate Abilities, Weirdness & Mutations

You reflexively headbutt those who attack you in melee.
You have a pair of horns on your head.


Message History

The yak misses you. You block the yak's attack. The yak barely misses you.
You catch the helpless yak completely off-guard!
You thump the yak!
The yak is severely wounded.
You block the yak's attack. The yak closely misses you.
The yak gores you but does no damage.
You hit the yak but do no damage.
The yak is heavily wounded.
You block the yak's attack.
You thump the yak!
The yak is severely wounded.
The yak gores you.
* * * LOW HITPOINT WARNING * * *
You block the yak's attack.
As you read the scroll of teleportation, it crumbles to dust.
You feel strangely unstable. The yak gores you.
* * * LOW HITPOINT WARNING * * *
The yak completely misses you. You furiously retaliate!
You headbutt the yak. The yak gores you!
You die...

..... #..#.....# ....
+..#)....# .... .
+..#))...#
..#######..#')####...
.....................
...................##..
.####T'#..#++####..#..
#..YYY#Y.# .#..
#...@.#Y)# #..
#.....#.)# ####..
#.....#.(# .....
#.....#..# #)).
#######..## #).# #....#
#..# #....# #..# #....#
#..# '##....########...


You could see 3 yaks and a troll.

Vanquished Creatures
  Gastronok (D:11)
  A hydra (D:12)
  A centaur warrior (D:13)
  5 skeletal warriors (D:13)
  Pikel (D:7)
  A cyclops (D:12)
  An ugly thing (D:11)
  A manticore (D:11)
  A gargoyle (D:13)
  A komodo dragon (D:7)
  2 trolls
  4 hornets
  Prince Ribbit (D:5)
  Grinder (D:4)
  4 hippogriffs
  3 shadows
  A wyvern (shapeshifter) (D:13)
  10 yaks
  A vampire (D:11)
  A wraith (D:11)
  3 hungry ghosts
  4 swamp worms (D:8)
  2 soldier ants (D:8)
  2 porcupines (D:8)
  Duvessa (D:7)
  A water moccasin (D:9)
  6 sky beasts
  2 slaves (D:7)
  An ice beast (D:7)
  3 black bears
  7 orc warriors
  4 phantoms
  3 wolves (D:8)
  13 centaurs
  3 ogres
  4 crocodiles (D:8)
  3 big kobolds
  7 bullfrogs
  Dowan (D:7)
  3 scorpions
  5 killer bees (D:13)
  3 howler monkeys (D:9)
  5 wights (D:12)
  2 centaur zombies
  10 crimson imps
  A bullfrog zombie (D:12)
  9 orc priests
  7 hounds
  A gnoll shaman (D:7)
  Crazy Yiuf (D:7)
  2 jellies
  2 centaur skeletons (D:8)
  Jessica (D:2)
  3 bullfrog skeletons
  3 iguanas
  Natasha (thrice) (D:2)
  9 orc wizards
  15 worker ants
  A hound zombie (D:5)
  2 hound skeletons
  2 worker ant zombies
  Robin (D:2)
  11 gnolls
  A howler monkey skeleton (D:11)
  4 adders
  4 shadow imps
  An adder zombie (D:9)
  2 adder skeletons
  4 worms
  2 dart slugs
  6 leopard geckos
  54 orcs
  4 bats
  4 giant cockroaches
  11 hobgoblins
  12 jackals
  5 quokkas
  4 ball pythons
  7 frilled lizards
  16 goblins
  22 kobolds
  A leopard gecko skeleton (D:4)
  14 rats
  A plant (D:8)
393 creatures vanquished.

Vanquished Creatures (others)
  A worker ant (D:7)
  2 fungi (D:8)
  3 plants (D:8)
6 creatures vanquished.

Grand Total: 399 creatures vanquished

Notes
Turn   | Place    | Note
-------+----------+-------------------------------------------
     0 | D:1      | misha the Minotaur Fighter began the quest for the Orb.
     0 | D:1      | Reached XP level 1. HP: 19/19 MP: 0/0
   176 | D:1      | Reached XP level 2. HP: 27/27 MP: 1/1
   534 | D:1      | Found a sparkling altar of Nemelex Xobeh.
  1179 | D:2      | Reached XP level 3. HP: 33/33 MP: 2/2
  1200 | D:2      | Noticed Robin
  1210 | D:2      | Killed Robin
  1223 | D:2      | Reached skill level 3 in Maces & Flails
  1412 | D:2      | Reached XP level 4. HP: 40/41 MP: 1/3
  1414 | D:2      | Noticed Natasha
  1420 | D:2      | Killed Natasha
  1592 | D:2      | Noticed Natasha
  1599 | D:2      | Killed Natasha
  1640 | D:2      | Noticed Natasha
  1723 | D:2      | Killed Natasha
  1723 | D:2      | Reached skill level 4 in Maces & Flails
  1723 | D:2      | Reached skill level 5 in Shields
  1723 | D:2      | Reached XP level 5. HP: 15/47 MP: 4/4
  2138 | D:2      | Found an ornate altar of the Wu Jian Council.
  2219 | D:2      | Found a sparkling altar of Nemelex Xobeh.
  2219 | D:2      | Noticed Jessica
  2223 | D:2      | Killed Jessica
  2314 | D:3      | Reached skill level 5 in Fighting
  2496 | D:3      | Reached skill level 5 in Maces & Flails
  2523 | D:3      | Reached XP level 6. HP: 56/56 MP: 5/5
  3681 | D:4      | Noticed Grinder
  3739 | D:4      | Paralysed by Grinder for 6 turns
  3753 | D:4      | Paralysed by Grinder for 3 turns
  3757 | D:4      | Killed Grinder
  3757 | D:4      | Reached skill level 6 in Maces & Flails
  3757 | D:4      | Reached XP level 7. HP: 48/62 MP: 4/6
  4046 | D:5      | Entered Level 5 of the Dungeon
  4046 | D:5      | Found a runed translucent door.
  4064 | D:5      | Noticed Karim's ghost (novice NaFi)
  4356 | D:5      | Noticed an air elemental
  4362 | D:5      | Reached skill level 7 in Maces & Flails
  4363 | D:5      | Found a stormy altar of Qazlal.
  4367 | D:5      | Noticed a fire elemental
  4367 | D:5      | Noticed a water elemental
  4429 | D:5      | Got a distressingly furry leather armour
  4517 | D:5      | Noticed Prince Ribbit
  4529 | D:5      | Killed Prince Ribbit
  4529 | D:5      | Reached XP level 8. HP: 42/71 MP: 7/7
  4689 | D:5      | Reached skill level 8 in Maces & Flails
  5186 | D:5      | Identified the cursed +0 leather armour of Diesh {rC+ rN+
                  | Int+3} (You found it on level 5 of the Dungeon)
  5257 | D:6      | Reached skill level 9 in Maces & Flails
  5326 | D:6      | Found a snail-covered altar of Cheibriados.
  5822 | D:6      | Found a staircase to the Ecumenical Temple.
  5907 | Temple   | Entered the Ecumenical Temple
  5977 | Temple   | Became a worshipper of Trog the Wrathful
  6102 | D:6      | Reached XP level 9. HP: 81/81 MP: 8/8
  6209 | D:7      | Noticed a komodo dragon
  6265 | D:6      | Reached skill level 10 in Maces & Flails
  6689 | D:7      | Found a bloodstained altar of Trog.
  6695 | D:7      | Noticed Dowan
  6705 | D:7      | Killed Dowan
  6711 | D:7      | Killed a komodo dragon
  6753 | D:7      | Noticed Duvessa
  6925 | D:7      | Killed Duvessa
  7052 | D:7      | Reached skill level 11 in Maces & Flails
  7707 | D:7      | Reached * piety under Trog
  7772 | D:7      | Noticed Pikel
  7790 | D:7      | Killed Pikel
  7999 | D:7      | Found a runed translucent door.
  8000 | D:7      | Noticed Crazy Yiuf
  8006 | D:7      | Killed Crazy Yiuf
  8398 | D:8      | Reached XP level 10. HP: 81/91 MP: 9/9
  8412 | D:8      | Reached skill level 12 in Maces & Flails
  8797 | D:8      | Reached skill level 10 in Shields
  8808 | D:8      | Found a staircase to the Lair.
  8832 | D:8      | Reached skill level 10 in Fighting
  9159 | D:8      | Found a deep blue altar of Sif Muna.
  9178 | D:8      | Reached skill level 13 in Maces & Flails
  9182 | D:8      | Found a burning altar of Makhleb.
  9182 | D:8      | Found a hazy altar of Hepliaklqana.
  9395 | D:8      | Reached ** piety under Trog
 10845 | D:9      | Found a glowing silver altar of Zin.
 10867 | D:9      | Found a hide-covered altar of Uskayaw.
 10867 | D:9      | Found an opulent altar of Gozag.
 10867 | D:9      | Found a radiant altar of Vehumet.
 11207 | D:9      | Reached *** piety under Trog
 11743 | D:9      | Reached XP level 11. HP: 83/101 MP: 7/10
 11821 | D:10     | Entered Level 10 of the Dungeon
 11979 | D:10     | Found Witzom's Food Boutique.
 12199 | D:10     | Reached skill level 14 in Maces & Flails
 12831 | D:11     | Found a staircase to the Orcish Mines.
 13037 | D:11     | Reached **** piety under Trog
 13436 | D:11     | Noticed Gastronok
 13919 | D:11     | Killed Gastronok
 13919 | D:11     | Reached skill level 15 in Maces & Flails
 14119 | D:11     | Found a sacrificial altar of Ru.
 14242 | D:11     | Noticed a green ugly thing
 14263 | D:11     | Killed a green ugly thing
 14756 | D:11     | Noticed a deep elf mage
 15744 | D:11     | Found a roughly hewn altar of Beogh.
 16306 | D:12     | Noticed a five-headed hydra
 16332 | D:12     | Killed a five-headed hydra
 16816 | D:12     | Reached XP level 12. HP: 100/112 MP: 9/11
 16824 | D:12     | Reached ***** piety under Trog
 17815 | D:13     | Found Idwa's Magic Scroll Shoppe.
 17821 | D:13     | Bought a scroll of identify for 32 gold pieces
 17869 | D:13     | Noticed a centaur warrior
 17894 | D:13     | Killed a centaur warrior
 17894 | D:13     | Reached skill level 16 in Maces & Flails
 18107 | D:13     | Received a gift from Trog
 18459 | D:13     | HP: 2/113 [troll (10)]
 18478 | D:13     | HP: 5/113 [yak (1)]
 18478 | D:13     | Mangled by a yak

Skill      XL: |  1  2  3  4  5  6  7  8  9 10 11 12 |
---------------+-------------------------------------+-----
Shields        | 4 5 6 8 9 10 12 | 12.9
Armour         | 4 |  4.0
Fighting       | 4 5 6 7 9 10 12 | 12.8
Maces & Flails | 3 4 5 6 7 9 11 13 15 16 | 16.7

Action                   |  1- 3 |  4- 6 |  7- 9 | 10-12 || total
-------------------------+-------+-------+-------+-------++-------
Melee: Flail             |   121 |   135 |   307 |   152 ||   715
       Headbutt          |    22 |    26 |    74 |   166 ||   288
       Whip              |       |       |    29 |    48 ||    77
       Mace              |       |       |       |   659 ||   659
Invok: Berserk           |       |       |     2 |    10 ||    12
  Use: Scroll            |     1 |     8 |    11 |    14 ||    34
       Potion            |       |     1 |     5 |     5 ||    11
 Stab: Invisible         |       |       |     4 |     1 ||     5
  Eat: Chunk             |     1 |     7 |     8 |    21 ||    37
       Ration            |       |       |     3 |     8 ||    11
Armor: Scale mail        |    19 |       |       |    40 ||    59
       Chain mail        |    28 |    56 |    36 |       ||   120
       Leather armour    |       |       |    24 |    56 ||    80
Dodge: Dodged            |    27 |    28 |    88 |   191 ||   334
Block: Shield            |    63 |    79 |   201 |   449 ||   792
